 Dungeon Crawl Stone Soup version 0.24-a0-528-g98e85ec62a (webtiles) character file.

Game seed: 7767731283322430495

359 Mithandil the Firebug (level 6, 0/32 HPs)
             Began as a Tengu Fire Elementalist on Aug 6, 2019.
             Slain by a crimson imp (2 damage)
             ... on level 5 of the Dungeon.
             The game lasted 00:34:09 (4738 turns).

Mithandil the Firebug (Tengu Fire Elementalist)     Turns: 4738, Time: 00:34:09

Health: 0/32       AC:  4    Str: 10    XL:     6   Next: 65%
Magic:  11/11      EV: 12    Int: 16    God:
Gold:   196        SH:  0    Dex: 14    Spells: 8/11 levels left

rFire    . . .     SeeInvis .   a - +0 rapier
rCold    . . .     Gourm    .   (no shield)
rNeg     . . .     Faith    .   m - +0 leather armour
rPois    .         Spirit   .   (helmet restricted)
rElec    .         Reflect  .   D - +0 cloak
rCorr    .         Harm     .   (no gloves)
MR       .....                  (boots unavailable)
Stlth    ++........             (no amulet)
HPRegen  0.10/turn              (no ring)
MPRegen  0.12/turn              (no ring)

@: no status effects
A: beak, talons 3, able to fly
a: Fly


You were on level 5 of the Dungeon.
You were hungry.

You visited 1 branch of the dungeon, and saw 5 of its levels.

You collected 196 gold pieces.

Inventory:

Hand Weapons
 a - a +0 rapier (weapon)
 b - a +0 trident
 j - a +0 hunting sling
 n - a +0 morningstar
 w - a +2 quarterstaff of chaos
 C - a +0 broad axe
Missiles
 d - 17 bolts
 i - 48 arrows
 k - 137 stones
 v - 2 atropa-tipped darts
 y - 33 poisoned darts (quivered)
 A - 50 sling bullets
 B - 2 boomerangs
Armour
 m - a +0 leather armour (worn)
 D - a +0 cloak (worn)
Magical Staves
 E - an uncursed staff of death
Wands
 z - a wand of polymorph (4)
Scrolls
 f - 2 scrolls of fog
 g - a scroll of teleportation
 l - 3 scrolls of remove curse
 u - 2 scrolls of identify
Potions
 e - a potion of magic {unknown}
 h - 2 potions of heal wounds
 o - 3 potions of curing
 p - a potion of resistance {unknown}
 q - 3 potions of invisibility
 r - 2 potions of agility
 s - 2 potions of ambrosia
 x - 3 potions of mutation {unknown}
Comestibles
 c - 10 rations
 t - 5 chunks of flesh


   Skills:
 + Level 1.4 Short Blades
 + Level 1.2(1.3) Polearms
 + Level 0.3(0.9) Staves
 + Level 1.5 Armour
 + Level 2.9 Dodging
 + Level 2.9 Stealth
 + Level 1.9 Unarmed Combat
 * Level 3.2 Spellcasting
 * Level 3.4 Conjurations
 * Level 4.4 Fire Magic


You had 8 spell levels left.
You knew the following spells:

 Your Spells              Type           Power        Failure   Level  Hunger
a - Throw Flame           Conj/Fire      ###...       7%          2    ##.....
b - Flame Tongue          Conj/Fire      ###..        4%          1    None

Your spell library contained the following spells:

 Spells                   Type           Power        Failure   Level  Hunger
 Conjure Flame            Conj/Fire      ###.....     14%         3    ###....
 Inner Flame              Hex/Fire       #.......     28%         3    ###....
 Sticky Flame             Conj/Fire      ###.....     43%         4    ####...
 Fireball                 Conj/Fire      ###.......   78%         5    ######.


Dungeon Overview and Level Annotations

Branches:
Dungeon (5/15)
 Temple: D:4-7

Altars:
Makhleb
Yredelemnul


Innate Abilities, Weirdness & Mutations

You have a beak for a mouth.
You have claws for feet.
You can fly continuously.


Message History

You miss the crimson imp. Your kick misses the crimson imp.
Your peck misses the crimson imp.
The crimson imp is heavily wounded.
The crimson imp hits you but does no damage.
You are feeling hungry.
You closely miss the crimson imp. Your peck misses the crimson imp.
The crimson imp is moderately wounded.
The crimson imp closely misses you.
You hit the crimson imp but do no damage.
Your kick misses the crimson imp.
The crimson imp is moderately wounded.
The crimson imp hits you but does no damage.
You hit the crimson imp but do no damage.
You claw the crimson imp.
The crimson imp is moderately wounded.
The crimson imp closely misses you.
You puncture the crimson imp! Your peck misses the crimson imp.
The crimson imp is severely wounded.
The crimson imp hits you.
You die...

#. ##### .(. ....# #.#
##..#.## #.##..##+......
###.##...#..P..#
#..........P≈P.#
######...# #...5P≈P.#
#........# #.⌠.@P..# ..#
#.#.# #.......# #<##
#.#.# ##....#.#
##.###.#.# ##..##.####
##......# #........(
##.###...######÷####.###
#.## ##.......÷).....#
.## #.##.####÷####.# .#
#.##.# #.#


You could see a crimson imp.

Vanquished Creatures
  A howler monkey (D:5)
  Crazy Yiuf (D:5)
  A worker ant (D:3)
  Natasha (thrice) (D:4)
  3 gnolls (D:2)
  4 adders
  A shadow imp (D:5)
  3 oozes
  2 worms (D:2)
  A dart slug (D:4)
  5 leopard geckos
  11 orcs
  4 giant cockroaches
  9 goblins
  4 hobgoblins
  6 jackals
  7 kobolds
  A quokka (D:4)
  A ball python (D:1)
  11 bats
  3 frilled lizards
  6 rats
88 creatures vanquished.

Notes
Turn   | Place    | Note
-------+----------+-------------------------------------------
     0 | D:1      | Mithandil the Tengu Fire Elementalist began the quest for
                  | the Orb.
     0 | D:1      | Reached XP level 1. HP: 10/10 MP: 4/4
   151 | D:3      | Reached XP level 2. HP: 11/15 MP: 1/6
   155 | D:3      | Learned a level 2 spell: Throw Flame
   590 | D:2      | You fall into a shaft and drop 1 floor!
  1080 | D:1      | Reached XP level 3. HP: 17/19 MP: 2/7
  1419 | D:2      | Reached XP level 4. HP: 6/24 MP: 0/8
  1422 | D:2      | Reached skill level 1 in Unarmed Combat
  1674 | D:3      | Reached skill level 1 in Armour
  1856 | D:2      | Found a faded altar of an unknown god.
  2318 | D:2      | Gained mutation: You can fly continuously. [Tengu growth]
  2318 | D:2      | Reached XP level 5. HP: 28/28 MP: 6/10
  2970 | D:3      | Reached skill level 4 in Fire Magic
  3020 | D:3      | Found a basalt altar of Yredelemnul.
  3022 | D:3      | Found a burning altar of Makhleb.
  3290 | D:4      | Reached skill level 1 in Short Blades
  3403 | D:4      | Noticed Natasha
  3407 | D:4      | Killed Natasha
  3409 | D:4      | Noticed Natasha
  3419 | D:4      | Killed Natasha
  3419 | D:4      | Reached skill level 1 in Polearms
  3419 | D:4      | Reached XP level 6. HP: 26/32 MP: 0/11
  3558 | D:5      | Entered Level 5 of the Dungeon
  3730 | D:4      | Noticed Natasha
  3736 | D:4      | Killed Natasha
  4375 | D:5      | Found a runed translucent door.
  4376 | D:5      | Noticed Crazy Yiuf
  4383 | D:5      | Killed Crazy Yiuf
  4728 | D:5      | HP: 1/32 [crimson imp (1)]
  4738 | D:5      | Slain by a crimson imp

Levels and vault maps discovered:
D:1:      wander_arrival_peaceful_grave, layout_basic, minmay_liquid_box,
          minmay_misc_feat_pillars, minmay_misc_feat_tiny, serial_park_tiny_1
D:2:      layout_basic, chequers_ecumenical_altar_simple, minmay_octomino_c4
D:3:      layout_basic, gammafunk_temple_overflow_pools, first_ration
D:4:      layout_cave_pools, grunt_decor_fettered, uniq_natasha
D:5:      layout_loops_ring, tso_oasis_becter, kennysheep_generic_room_9,
          uniq_grinder, uniq_crazy_yiuf_cottage

Skill      XL: |  1  2  3  4  5 |
---------------+----------------+-----
Conjurations   | 2 3 |  3.4
Unarmed Combat | 1 |  1.9
Armour         | 1 |  1.5
Fire Magic     | 4 |  4.4
Short Blades   | 1 |  1.4
Spellcasting   | 3 |  3.2
Polearms       | 1 |  1.2
Staves         | |  0.3
Dodging        | |  2.9
Stealth        | |  2.9

Action                   |  1- 3 |  4- 6 || total
-------------------------+-------+-------++-------
Melee: Club              |     4 |       ||     4
       Peck              |     6 |    11 ||    17
       Dagger            |    37 |       ||    37
       Short sword       |    21 |    10 ||    31
       Kick              |    11 |    16 ||    27
       Trident           |       |    38 ||    38
       Rapier            |       |    55 ||    55
       Punch             |       |     2 ||     2
Throw: Dart              |       |     4 ||     4
 Cast: Flame Tongue      |    20 |    70 ||    90
       Throw Flame       |    21 |    34 ||    55
  Use: Scroll            |     1 |    13 ||    14
       Potion            |       |     1 ||     1
 Stab: Sleeping          |       |     3 ||     3
  Eat: Chunk             |     3 |    13 ||    16
Armor: Robe              |     2 |       ||     2
       Leather armour    |    20 |    27 ||    47
Dodge: Dodged            |    49 |    63 ||   112

Table legend:
 A = Non-vault XP
 B = Vault XP
 C = Vault XP percentage of total XP
 D = Non-vault monster count
 E = Vault monster count
 F = Vault count percentage of total count
                 A         B        C        D         E       F
            +---------+---------+-------+---------+---------+-------
      Total |     409 |     104 |  20.3 |      81 |       7 |   8.0
            +---------+---------+-------+---------+---------+-------
        D:1 |      39 |       0 |   0.0 |      23 |       0 |   0.0
        D:2 |      91 |      27 |  22.9 |      12 |       5 |  29.4
        D:3 |      94 |       0 |   0.0 |      23 |       0 |   0.0
        D:4 |     102 |      35 |  25.5 |      13 |       1 |   7.1
        D:5 |      83 |      42 |  33.6 |      10 |       1 |   9.1
            +---------+---------+-------+---------+---------+-------
